 Dungeon Crawl Stone Soup version 0.30.1-9-gdf580d7c3d (webtiles) character file.

Game seed: 17132616306317589330

16 Ivernyr the Shield-Bearer (level 2, 24/24 HPs)
             Began as a Formicid Fighter on Oct 4, 2023.
             Got out of the dungeon alive.
             The game lasted 00:01:22 (358 turns).

Ivernyr the Shield-Bearer (Formicid Fighter)         Turns: 358, Time: 00:01:23

Health: 24/24      AC:  6    Str: 20    XL:     2   Next: 75%
Magic:  2/2        EV:  9    Int:  7    God:
Gold:   35         SH:  5    Dex: 13    Spells: 1/1 levels left

rFire   . . .        a - +0 war axe
rCold   . . .        c - +0 buckler
rNeg    . . .        b - +0 scale mail
rPois   .            (helmet unavailable)
rElec   .            (no cloak)
rCorr   .            (no gloves)
SInv    +            (no boots)
Will    .....        (no amulet) Stlth
                     (no ring)
HPRegen 0.24/turn    (no ring)
MPRegen 0.08/turn

%: no passive effects
@: no status effects
A: permanent stasis, dig shafts and tunnels, antennae 3, four strong arms
a: Dig, Shaft Self


You escaped.
You visited 1 branch of the dungeon, and saw 1 of its levels.

You collected 35 gold pieces.

Inventory:

Hand Weapons
 a - a +0 war axe (weapon)
Armour
 b - a +0 scale mail (worn)
 c - a +0 buckler (worn)
Scrolls
 g - a scroll of teleportation {unknown}
Potions
 d - a potion of might
 e - a potion of attraction {unknown}
 f - a potion of degeneration {unknown}


   Skills:
 + Level 3.5 Fighting
 * Level 2.4 Axes
 + Level 3.5 Armour
 + Level 4.2 Shields


You had one spell level left.
You didn't know any spells.
Your spell library was empty.

Dungeon Overview and Level Annotations

Branches:
Dungeon (1/15)

Altars:


Innate Abilities, Weirdness & Mutations

You cannot be hasted, slowed, berserked, paralysed or teleported.
You can dig through walls and to a lower floor.
You have a pair of large antennae on your head. (SInv)
Your four strong arms can wield two-handed weapons with a shield.


Message History

a +0 short sword of speed; 5 stones; a kobold corpse You start resting.
HP restored.
There is a stone staircase leading down here.
A rat and a ball python come into view.
There are monsters nearby!
You block the rat's attack.
You slash the rat!
You kill the rat!
You see here a rat corpse.
You see here a rat corpse.
You barely miss the ball python. The ball python barely misses you.
The ball python grabs you. The ball python constricts you.
The ball python barely misses you. The ball python constricts you.
You hit the ball python.
The ball python is severely wounded.
The ball python bites you. The ball python constricts you.
You hit the ball python.
You kill the ball python!
You see here a ball python corpse.
(D) Dungeon
Where to? (? - help)
What level of the Dungeon? (default 1, ? - help)
A frilled lizard comes into view.
The frilled lizard hisses angrily.
Found a scroll labelled ASKAPTAPAI, 2 bubbling brown potions and 5 stones.
You completely miss the frilled lizard. The frilled lizard bites you.
You closely miss the frilled lizard.
The frilled lizard bites you but does no damage.
The frilled lizard bites you.
You closely miss the frilled lizard. You block the frilled lizard's attack.
You hit the frilled lizard.
You kill the frilled lizard!
(D) Dungeon
Where to? (Enter - D:1 @ (x,y), ? - help)
What level of the Dungeon? (default 1, ? - help)
You see here a +0 sling.
There is a staircase leading out of the dungeon here.
Are you sure you want to leave the Dungeon?
This will make you lose the game!
You have escaped!

##........###
##.....÷....#.
#...........).
##.............
#######............).
##.......#.)........#.
#~.##...#######...##...##.
#≈.........# #.##########
#~~.....#@.# #.#
#≈≈~~...##.####.#
#≈≈≈~≈≈......##.#
#≈≈≈≈≈~~~....##.#
#≈≈≈≈≈≈≈≈~...##.#
#≈≈≈≈≈≈≈≈≈~..#
#≈≈≈≈≈≈≈≈≈~..# ≈≈≈≈≈≈~~~.#
≈≈≈≈≈≈≈≈~..


There were no monsters in sight!

Vanquished Creatures
  2 bats (D:1)
  2 hobgoblins (D:1)
  2 quokkas (D:1)
  5 ball pythons (D:1)
  2 frilled lizards (D:1)
  A goblin (D:1)
  A kobold (D:1)
  2 rats (D:1)
17 creatures vanquished.

Notes
Turn   | Place    | Note
-------+----------+-------------------------------------------
     0 | D:1      | Ivernyr the Formicid Fighter began the quest for the Orb.
     0 | D:1      | Reached XP level 1. HP: 18/18 MP: 1/1
   104 | D:1      | Reached XP level 2. HP: 24/24 MP: 2/2
   358 | D:$      | Got out of the dungeon alive.

Illustrated notes

Levels and vault maps discovered:
D:1:      dpeg_arrival_water_altar, layout_rooms, dreamdust_princess_bridge

Action                     || total
---------------------------++-------
  Melee: War axe           ||    49
 Armour: Scale mail        ||    26
  Dodge: Dodged            ||    27
  Block: Buckler           ||    17
